[Event "*** Titled Tuesday Blitz"]
[Site "Chess.com"]
[Date "2018.07.03"]
[Round "1"]
[White "Flawless2018"]
[Black "pKiLz5Rn9b"]
[Result "1-0"]
[WhiteElo "2409"]
[BlackElo "2725"]
[TimeControl "180+2"]
[EndTime "13:10:26 PDT"]
[Termination "Flawless2018 won on time"]

1. e4 c5 2. Nf3 d6 3. Bb5+ Nd7 4. d4 cxd4 5. Qxd4 a6 6. Bxd7+ Bxd7 7. c4 e5 8. Qd3 Nf6 9. Nc3 Be6 10. O-O Be7 11. Rd1 O-O 12. b3 Qc7 13. a4 Rfd8 14. Ba3 Rac8 15.
Rac1 Qb6 16. Rb1 g6 17. Ne1 Ng4 18. Rb2 f5 19. h3 Nf6 20. Nc2 fxe4 21. Nxe4 Qc6 22.
Nxf6+ Bxf6 23. Nb4 Qe8 24. Nd5 Bg7 25. Qg3 b5 26. axb5 axb5 27. cxb5 Qf7 28. Qf3 Qxf3 29. gxf3 Kf7 30. b6 Rb8 31. Rc2 Bxd5 32. Rxd5 Bf8 33. Rc6 Ke6 34. Rb5 Rb7 35. Bc1 Kd7 36. Rc4 Rdb8 37.
Be3 Ke6 38. f4 d5 39. Rc6+ Kd7 40. Rf6 d4 41. Bc1 Be7 42. Rf7 Ke6 43. Rxh7 Bd6 44. Rh6 Rg8 45. h4 exf4 46. h5 Kf6 47. Bb2 Be5 48.
f3 Ke6 49. Kf2 Bf6 50. Ke2 Re8 51. Kd3 gxh5 52. Bxd4 Rf8 53. Ke4 Rff7 54. Rf5 1-0

[Event "*** Titled Tuesday Blitz"]
[Site "Chess.com"]
[Date "2018.07.03"]
[Round "1"]
[White "Zq1"]
[Black "Morshynska"]
[Result "1-0"]
[WhiteElo "2518"]
[BlackElo "2159"]
[TimeControl "180+2"]
[EndTime "13:10:26 PDT"]
[Termination "Zq1 won by resignation"]

1. d4 Nf6 2. c4 e6 3. Nc3 Bb4 4. e3 b6 5. Bd3 Bb7 6. f3 d5 7. Ne2 O-O 8. O-O c5 9. a3 Bxc3 10. bxc3 Nc6 11. cxd5 exd5 12. Bb2 Re8 13. Qd2 Qe7 14.
Kf2 Na5 15. Nc1 Rac8 16. a4 h5 17. Re1 h4 18. Ba3 Qc7 19. Kg1 cxd4 20. cxd4 Nc4 21. Bxc4 Qxc4 22. Nd3 Qc3 23. Qxc3 Rxc3 24. Ne5 Rec8 25.
a5 Rc2 26. axb6 axb6 27. Be7 Rb2 28. Rec1 Rcc2 29. Rxc2 Rxc2 30. Rb1 Ba6 31. Bxf6 gxf6 32. Nd7 Re2 33. Nxf6+ Kg7 34. Nxd5 Bd3 35. Rc1 b5 36. h3 Bc4 37. Nb6 Bd3 38. Rc3 Re1+ 39. Kh2 Bf1 40.
Nd5 b4 41. Rc2 b3 42. Rb2 Bc4 43. Nb6 Bf1 44. e4 Rc1 45. Na4 Rc2 46. Kg1 Bb5 47.
Rxb3 Bxa4 48. Rb4 Ra2 49. d5 Bd1 50. Rd4 Ba4 51. Rb4 Bd7 52. e5 Rd2 53. d6 f6 54.
exf6+ Kxf6 55. Rxh4 Rxd6 56. Rf4+ Ke7 57. Re4+ Re6 58.
Rd4 Bc6 59. h4 Rf6 60. Rd3 Kf7 61. Kh2 Kg7 62. Kg3 Rg6+ 63. Kf2 Rf6 64. g4 Be8 65.
Kg3 Rf7 66. h5 Bc6 67. f4 Rb7 68. Rd6 Be8 69. Kh4 Rb2 70. Kg5 Rb5+ 71. f5 Ra5 72.
Rb6 Bf7 73. Rb7 Ra6 74. h6+ Kf8 75. h7 Kg7 76. Rxf7+ 1-0

[Event "*** Titled Tuesday Blitz"]
[Site "Chess.com"]
[Date "2018.07.03"]
[Round "1"]
[White "djano"]
[Black "Durarbayli"]
[Result "1-0"]
[WhiteElo "2398"]
[BlackElo "2667"]
[TimeControl "180+2"]
[EndTime "13:10:34 PDT"]
[Termination "djano won by resignation"]

1. c4 c5 2. g3 Nc6 3. Bg2 g6 4. e3 Bg7 5. Ne2 e5 6. Nbc3 Nge7 7.
O-O O-O 8. Nd5 d6 9. b3 Nxd5 10. cxd5 Nb4 11. Bb2 Nd3 12. Bc3 b6 13. Qc2 Ba6 14.
Rfd1 Qf6 15. f4 Qf5 16. Nc1 Nxc1 17. Raxc1 Bd3 18. Qb2 Rfe8 19. Re1 Be4 20. d3 Bxg2 21. e4 Bxe4 22. dxe4 Qd7 23. Rf1 Bh6 24. f5 Bxc1 25. Qxc1 Rf8 26. Qh6 f6 27. fxg6 Qg7 28. gxh7+ Qxh7 29. Qe3 Rf7 30. Rf5 Raf8 31. Bd2 Rg7 32. Qf3 Qg6 33. Kg2 Rff7 34. h3 Kf8 35. g4 Ke7 36. Qe2 Kf8 37. Kh2 Kg8 38. Qf3 Rf8 39. a4 Rff7 40. Kg3 Rf8 41. h4 Qe8 42. h5 Kh7 43. Qe3 Qd7 44. Qf3 b5 45. g5 bxa4 46. g6+ Kg8 47. Rxf6 Rxf6 48. Qxf6 Qe7 49. Qf5 a3 50. h6 a2 51. Bc3 Qd7 52. hxg7 Qxf5 53. exf5 Kxg7 54.
Kf3 Kf6 55. Ke4 a5 56. Bb2 Ke7 57. Kd3 Kf8 58. Kc4 e4 59. Kc3 Kg7 60. Kd2+ Kh6 61.
Ke3 a4 62. Kxe4 axb3 63. Kd3 1-0

[Event "*** Titled Tuesday Blitz"]
[Site "Chess.com"]
[Date "2018.07.03"]
[Round "1"]
[White "Fins0905"]
[Black "joejan"]
[Result "1-0"]
[WhiteElo "2591"]
[BlackElo "2249"]
[TimeControl "180+2"]
[EndTime "13:10:34 PDT"]
[Termination "Fins0905 won by resignation"]

1. d4 Nf6 2. c4 e6 3. Nf3 d5 4.
Bg5 Be7 5. Nc3 O-O 6. e3 Nbd7 7. cxd5 Nxd5 8. Bxe7 Qxe7 9. Nxd5 exd5 10. Bd3 c6 11. O-O h6 12. Qc2 Nf6 13. Rab1 a5 14. a3 a4 15.
Rfc1 Re8 16. h3 Ne4 17. Ne5 Nd6 18. Qc5 Bf5 19. Bxf5 Nxf5 20. Qc2 Nd6 21. Qc5 Nf5 22. Nd3 Qg5 23. Kh1 Nh4 24. Rg1 Qf5 25. Qc2 Re6 26.
Nb4 Qh5 27. Qd1 Qg5 28. g3 Nf5 29. Nd3 Nd6 30. Nf4 Re7 31. Qh5 Ne4 32. Qxg5 hxg5 33. Nd3 Re6 34. Kg2 Ra5 35. b4 axb3 36. Rxb3 Re7 37.
Rd1 Nd6 38. Nc5 Nb5 39. a4 Nd6 40. Rdb1 f6 41. Nxb7 Nxb7 42. Rxb7 Rxb7 43. Rxb7 Rxa4 44. Rc7 Rc4 45. g4 Kh7 46. Kg3 Kg6 47. h4 gxh4+ 48. Kxh4 Kh6 49. Kg3 Rc2 50. Kf3 Kg6 51. Kg3 Kh6 52.
f3 Kg6 53. f4 Re2 54. Kf3 Rc2 55. f5+ Kh6 56. Rc8 g5 57. Rg8 c5 58. Rg6+ Kh7 59. dxc5 Rxc5 60. Rxf6 Rc3 61. Rd6 Rd3 62. Ke2 Ra3 63.
Rxd5 Ra4 64. Rd4 Ra1 65. Rd6 Rg1 66. Kf3 Rf1+ 67. Kg2 Re1 68. Kf2 Rc1 69. Rg6 Rc2+ 70.
Kf3 1-0

[Event "*** Titled Tuesday Blitz"]
[Site "Chess.com"]
[Date "2018.07.03"]
[Round "1"]
[White "ChrisTool2"]
[Black "INDIAN-ELEPHANT"]
[Result "0-1"]
[WhiteElo "2252"]
[BlackElo "2594"]
[TimeControl "180+2"]
[EndTime "13:10:42 PDT"]
[Termination "INDIAN-ELEPHANT won by resignation"]

1. d4 Nf6 2. c4 e6 3. Nf3 b6 4. a3 Ba6 5. Qc2 Bb7 6. Nc3 c5 7. d5 exd5 8. cxd5 Nxd5 9. Bg5 Nf6 10. e4 Be7 11. O-O-O h6 12. Bh4 O-O 13. e5 Ne8 14.
Bg3 Nc7 15. Bc4 Nc6 16. Ne4 Rc8 17. Kb1 Ne6 18. Bxe6 fxe6 19. Rd2 Qe8 20. h4 Nd4 21. Nxd4 cxd4 22. Qd3 Qg6 23. f3 Bxe4 24. fxe4 h5 25. Bf2 Rf4 26. Re2 Qxg2 27. Rg1 Qf3 28. Qxf3 Rxf3 29.
Bxd4 Bxh4 30. Bc3 Rfxc3 31. bxc3 Rxc3 32. Kb2 Rg3 33. Rh1 Rg4 34. Rd2 Bg3 35. Rxd7 Bxe5+ 36. Kc2 h4 37. Kd3 Rg3+ 38. Ke2 Rxa3 39. Rxh4 Bf6 40.
Rh5 e5 41. Rh1 Bg5 42. Rg1 Bh6 43. Rg6 b5 44. Re6 Re3+ 45. Kf2 Rxe4 46. Rxa7 b4 47. Kf3 Re3+ 48. Kf2 Re4 49. Kf3 Rf4+ 50. Kg3 Rc4 51. Re8+ Kh7 52. Rb7 e4 53. Rbb8 e3 54. Kf3 Rh4 55. Rh8+ Kg6 56. Rb6+ Kf7 57. Rc8 Rf4+ 58.
Kg3 Re4 59. Rb7+ Kg6 60. Rc6+ Kh7 61. Rc1 e2 62. Re1 Bd2 63. Kf3 Bxe1 64. Kxe4 Bc3 0-1

[Event "*** Titled Tuesday Blitz"]
[Site "Chess.com"]
[Date "2018.07.03"]
[Round "1"]
[White "2Tilted"]
[Black "GMKrikor"]
[Result "1-0"]
[WhiteElo "2318"]
[BlackElo "2615"]
[TimeControl "180+2"]
[EndTime "13:10:52 PDT"]
[Termination "2Tilted won by resignation"]

1. d4 Nf6 2. Nf3 d5 3. c4 e6 4. g3 Bb4+ 5. Bd2 a5 6. a3 Bxd2+ 7. Nbxd2 O-O 8. Bg2 a4 9. O-O Nbd7 10. Qc2 Nb6 11. Rfd1 c6 12. Rac1 Qe7 13. e4 Rd8 14. e5 Ne8 15. c5 Nd7 16. h4 h6 17. Nb1 b6 18.
cxb6 Bb7 19. Ne1 Nxb6 20. Nd3 Rdc8 21. Nc5 Ba6 22. f4 Bb5 23. f5 Nd7 24. fxe6 fxe6 25. Bh3 Nxc5 26. Qxc5 Rc7 27. Rd2 Bc4 28. Rf2 Rb8 29.
Nc3 Qxc5 30. Bxe6+ Kh7 31. dxc5 Re7 32. Bf5+ g6 33.
Bb1 Rxe5 34. Nxa4 Ng7 35. Nb6 Rbe8 36. Nxc4 dxc4 37. Rxc4 Nh5 38. Rc3 Kg7 39. Bc2 Nf6 40. Bb3 R8e7 41. Rcc2 Ne4 42. Rg2 Nxc5 43. Bc4 Re1+ 44.
Kh2 Ne4 45. Rce2 Nf6 46. Rxe1 Rxe1 47. Re2 Rc1 48. b3 h5 49. Re7+ Kh6 50. Re6 Ng4+ 51. Kg2 Rc2+ 52. Kf3 Rc3+ 53. Ke4 c5 54. Kd5 Rxg3 55. Kxc5 Ne3 56. Bd3 Kg7 57. a4 Kf7 58.
Rd6 Ng2 59. a5 Nf4 60. Bxg6+ Nxg6 61. b4 Ra3 62. a6 Ne7 63. b5 Ke8 64. Rh6 Kd7 65.
Rxh5 Rc3+ 66. Kb6 Nc8+ 67. Kb7 Rc7+ 68. Kb8 Rc1 69. Rh7+ Kd8 70. Rh8+ Kd7 71. a7 Nb6 72. Kb7 1-0

[Event "*** Titled Tuesday Blitz"]
[Site "Chess.com"]
[Date "2018.07.03"]
[Round "1"]
[White "Imre91"]
[Black "Superfelix"]
[Result "0-1"]
[WhiteElo "2629"]
[BlackElo "2350"]
[TimeControl "180+2"]
[EndTime "13:10:53 PDT"]
[Termination "Superfelix won on time"]

1. d4 Nf6 2. Bg5 Ne4 3. Bf4 e6 4. f3 Bb4+ 5. c3 Bd6 6. Bxd6 Nxd6 7. e4 f5 8. e5 Nf7 9. Bd3 b6 10. Ne2 Bb7 11. O-O O-O 12. Nd2 Nc6 13. Qc2 a5 14. Rae1 Ne7 15. a4 Nd5 16. Nc4 Kh8 17. Qd2 Qh4 18. Ne3 Qh6 19. Nc1 Rg8 20. Rf2 g5 21. Nxd5 Bxd5 22. Ne2 Qh4 23. Bb5 g4 24. g3 gxf3 25. Nf4 Rxg3+ 26. Kh1 Rg2 27. Nxg2 fxg2+ 28. Kg1 Ng5 29. Re3 Nh3+ 30. Rxh3 Qxh3 31. c4 Be4 32. Qg5 Rf8 33. Bxd7 Qd3 34. Qc1 Qxd4 35. Bxe6 Rd8 36.
Bd5 Bxd5 37. cxd5 Rxd5 38. e6 Qd1+ 39. Qxd1 Rxd1+ 40. Kxg2 Re1 41. Rxf5 Rxe6 42. Rf7 Re4 43. b3 Rb4 44. Rxc7 Rxb3 45. Rb7 h5 46. h4 Rb4 47. Kg3 Rg4+ 48. Kh3 Rxa4 49. Rxb6 Ra3+ 50. Kg2 Kg7 51. Ra6 a4 52. Kh2 Ra2+ 53. Kg3 Ra1 54. Kf4 Rg1 55. Kf5 Rg4 56. Ra7+ Kf8 57. Rh7 Rxh4 58. Kg5 Rh2 59.
Ra7 Ra2 60. Kxh5 a3 61. Kg4 Ra1 62. Kg3 Ke8 63. Kf2 Kd8 64. Kg2 Kc8 65. Kf2 Kb8 66. Ra4 Kb7 67. Ke3 a2 68. Kf2 Rh1 0-1

[Event "*** Titled Tuesday Blitz"]
[Site "Chess.com"]
[Date "2018.07.03"]
[Round "1"]
[White "Gr3egor"]
[Black "Kaphrep"]
[Result "1/2-1/2"]
[WhiteElo "2352"]
[BlackElo "2665"]
[TimeControl "180+2"]
[EndTime "13:11:00 PDT"]
[Termination "Game drawn by repetition"]

1. d4 g6 2. c4 Bg7 3. e4 e6 4.
Nc3 Ne7 5. f4 d5 6. e5 c5 7.
dxc5 O-O 8. Nf3 Nbc6 9. Be3 Qa5 10. Qa4 Qxa4 11. Nxa4 Bd7 12. Nc3 Rfc8 13. cxd5 exd5 14. Bb5 Bg4 15. Nd4 Nxd4 16. Bxd4 a6 17. Ba4 Nf5 18. Bf2 d4 19. Ne4 Ne3 20. Bxe3 dxe3 21. b4 a5 22. Nd6 Rc7 23. a3 axb4 24. axb4 Bd7 25. b5 Rxc5 26.
O-O b6 27. Bb3 Rxa1 28. Rxa1 Kf8 29. Bxf7 g5 30. g3 gxf4 31. gxf4 Ke7 32. Ra3 Bh6 33. Rxe3 Bxf4 34. Re4 Rc1+ 35. Kg2 Rc2+ 36. Kf3 Bxh2 37.
e6 Bxd6 38. exd7+ Kxd7 39. Be8+ Kd8 40. Bc6 h5 41. Re8+ Kc7 42. Rh8 Rc3+ 43. Ke4 Rc4+ 44.
Kf5 Rc5+ 45. Kg6 Be7 46. Rxh5 Rc1 47. Rd5 Bd6 48. Rf5 Be7 49. Rd5 Rg1+ 50. Kf7 Bd6 51. Rd4 Rf1+ 52. Ke6 Re1+ 53. Re4 Rh1 54. Ra4 Rh6+ 55.
Kf5 Rh2 56. Ra7+ Kc8 57. Ke6 Bc7 58. Ra8+ Bb8 59. Bd7+ Kc7 60. Bc6 Re2+ 61. Kd5 Rd2+ 62. Kc4 Rh2 63. Ra3 Rh4+ 64. Kd5 Rh5+ 65. Ke6 Kc8 66.
Rf3 Re5+ 67. Kf7 Re1 68. Rh3 Bd6 69. Rh8+ Kc7 70. Rh7 Bc5 71. Kf6+ Kc8 72. Rh8+ Kc7 73. Rh7+ Kd8 74. Rh8+ Kc7 75. Rh7+ 1/2-1/2

[Event "*** Titled Tuesday Blitz"]
[Site "Chess.com"]
[Date "2018.07.03"]
[Round "1"]
[White "yoolund"]
[Black "LimeInTheCoconut"]
[Result "1/2-1/2"]
[WhiteElo "2571"]
[BlackElo "2234"]
[TimeControl "180+2"]
[EndTime "13:11:08 PDT"]
[Termination "Game drawn by repetition"]

1. b3 d5 2. Bb2 Nf6 3. Nf3 Bf5 4. e3 e6 5. c4 c6 6. d4 Nbd7 7. Nc3 Be7 8. Bd3 Bxd3 9. Qxd3 O-O 10. O-O a5 11. a3 Re8 12. Rfd1 Rc8 13. Rac1 Bd6 14. h3 Qe7 15. c5 Bc7 16. e4 dxe4 17. Nxe4 Nxe4 18.
Qxe4 Nf6 19. Qe2 Nd5 20. Nd2 Nf4 21. Qf3 Qg5 22. Nc4 Qd5 23. Rc3 Qxf3 24. Rxf3 Rcd8 25. Kf1 e5 26. Bc1 Ne6 27. Rfd3 Nxd4 28. Bb2 Nxb3 29. Nxe5 Nxc5 30. Rxd8 Rxd8 31. Rc1 Nd3 32. Nxd3 Rxd3 33. Ke2 Rd7 34. Rc4 f6 35. h4 Kf7 36. g4 Rd5 37. f4 Rb5 38. Bc3 Bd6 39. a4 Rc5 40.
Rxc5 Bxc5 41. Bxa5 b5 42. axb5 cxb5 43. Kd3 g6 44.
Ke4 Ke6 45. f5+ gxf5+ 46. gxf5+ Kf7 47. Kd5 Bf2 48. h5 Kg7 49. Bd2 Bh4 50. Ke6 b4 51.
Bxb4 Kh6 52. Be7 Kxh5 53. Bxf6 Bf2 54. Be5 Bh4 55. Bf6 Bg3 56. Be7 Bf4 57. f6 Kg6 58.
f7 Bh6 59. Bd8 Bg7 60. Be7 h5 61. Bh4 Bh6 62. Ke7 Bg7 63. Ke8 Bh6 64. Bf2 Bg7 65. Ke7 Bh6 66. Ke8 Bg7 67. Bd4 Bh6 68. Be3 Bg7 69. Bf2 Bh6 70. Ke7 Bg7 71. Ke6 Bh6 72.
Ke7 Bg7 73. Ke8 Bh6 74. Be3 Bg7 75. Bf2 Bh6 1/2-1/2

[Event "*** Titled Tuesday Blitz"]
[Site "Chess.com"]
[Date "2018.07.03"]
[Round "1"]
[White "morphy1984"]
[Black "1b31-0"]
[Result "1/2-1/2"]
[WhiteElo "2519"]
[BlackElo "2188"]
[TimeControl "180+2"]
[EndTime "13:11:25 PDT"]
[Termination "Game drawn by repetition"]

1. e4 g6 2. d4 Bg7 3. Nf3 d6 4. Bc4 a6 5. O-O e6 6. Re1 b6 7. c3 Nd7 8. Nbd2 Ne7 9. Nf1 Bb7 10.
Ng3 h6 11. h3 O-O 12. a4 Kh7 13. Bd3 e5 14. Be3 g5 15. Nh5 Ng6 16. Nh2 Nf4 17.
Nxg7 Kxg7 18. Bf1 Nf6 19. d5 Bc8 20. c4 a5 21. Ra3 Kh7 22. Ng4 Bxg4 23. hxg4 Qd7 24.
f3 Kg6 25. g3 Rh8 26. gxf4 gxf4 27. Bf2 h5 28. g5 Kxg5 29. Bg2 Rag8 30. Kf1 Kh6 31.
Bh1 Qh3+ 32. Ke2 Rh7 33. Ra1 Rhg7 34. Qd3 Qh2 35. Rf1 h4 36. Qc3 Nh5 37. Kd3 Ng3 38. Bxg3 hxg3 39. Rg1 Kg6 40. Bg2 Kf6 41. Qd2 Qh5 42.
Rh1 Qg6 43. Rh4 Rh7 44. Rah1 Rgh8 45. Rxh7 Rxh7 46. Rxh7 Qxh7 47. Qe1 Qh2 48. Qh1 Qxh1 49. Bxh1 Kg5 50. Bg2 f5 51. exf5 Kxf5 52. Bh3+ Kg5 53. Ke4 Kh4 54. Bg2 Kg5 55. b3 Kf6 56. Kd3 Kf5 57.
Bh3+ Kg5 58. Ke2 Kh4 59. Bg2 Kg5 60. Kd3 Kf5 61. Bh3+ Kg5 62. Ke2 Kh4 63. Bf1 Kg5 64. Bh3 Kh4 65. Bd7 Kg5 66. Kf1 Kf6 67. Kg2 Ke7 68.
Bf5 Kf6 69. Bd3 Kg5 70. Kh3 Kh5 71. Be4 Kg5 72. Bh7 Kh6 73. Bc2 Kg5 74. Kg2 Kf6 75. Bd3 Kg5 76. Kh3 Kh5 77. Bf5 Kg5 78. Be4 Kh5 79. Bd3 Kg5 80. Kg2 Kh4 81. Be2 Kg5 82.
Bd3 Kf6 83. Kh3 Kg5 84. Kg2 Kh4 85. Be4 Kg5 86. Bd3 Kh5 87. Kf1 Kh4 88. Kg1 Kh3 89. Bf1+ Kh4 90. Bg2 Kg5 91. Kf1 Kf5 92. Ke2 Kf6 93.
Kd3 Kf5 94. Ke2 Kg5 95. Kd3 Kf5 96. Bh3+ Kg5 97. Ke4 Kh4 98. Bg2 Kg5 99. Kd3 Kf5 1/2-1/2

[Event "*** Titled Tuesday Blitz"]
[Site "Chess.com"]
[Date "2018.07.03"]
[Round "1"]
[White "Blitzstream"]
[Black "cool4chess"]
[Result "1-0"]
[WhiteElo "2475"]
[BlackElo "2021"]
[TimeControl "180+2"]
[EndTime "13:11:32 PDT"]
[Termination "Blitzstream won by resignation"]

1. d4 d5 2. Bf4 c5 3. e3 Nc6 4. c3 Nf6 5. Nd2 Bf5 6. Qb3 Na5 7. Qa4+ Bd7 8. Qc2 cxd4 9. exd4 Rc8 10. Ngf3 e6 11.
Bd3 Nc6 12. a3 g6 13. O-O Bg7 14. Bd6 Ne7 15. Ne5 O-O 16. Ndf3 Bc6 17. Nxc6 Rxc6 18.
Bf4 Nd7 19. Qd2 Nf5 20. Rfe1 Nb6 21. Ne5 Rc8 22. Qe2 Nd6 23. Qg4 Nbc4 24. Nxc4 Nxc4 25. Bxc4 Rxc4 26. Be5 Bxe5 27. Rxe5 Qf6 28. Rae1 Rfc8 29. h4 R4c6 30. h5 Rb6 31. R1e2 Kh8 32. hxg6 hxg6 33. g3 Kg7 34. Kg2 Rh8 35. R5e3 Qf5 36. Qxf5 gxf5 37. Kf3 Rh1 38. Rd2 Rb1 39. Ree2 Rb3 40. Kf4 Kf6 41.
f3 Ke7 42. g4 fxg4 43. fxg4 Rf1+ 44. Rf2 Re1 45. Rde2 Rxe2 46. Rxe2 Rb6 47. Rh2 Kf6 48. g5+ Kg6 49. Rh6+ Kg7 50. Rh2 Kg6 51. Ke5 a6 52.
Kf4 Rc6 53. Rh8 Rb6 54. Rh2 Rc6 55. Kg4 Kg7 56. Re2 Rb6 57. Kh5 Rc6 58. Rg2 Rc8 59.
Kg4 Rh8 60. Kf4 Rh1 61. Ke5 Rh8 62. g6 fxg6 63. Kxe6 Rd8 64. Ke7 Rc8 65. Kd6 Rd8+ 66. Kc7 Re8 67. Kxb7 Re6 68. b4 Kf6 69. a4 g5 70. b5 axb5 71. axb5 Kf5 72. Kc7 g4 73. b6 Re3 74. Rc2 g3 75. b7 Re7+ 76. Kc6 Re6+ 77. Kxd5 Rb6 78. c4 Kf4 79. c5 Rxb7 80. c6 Rb8 81. c7 Rc8 82. Kc6 Ke4 83. d5 Rf8 84. d6 Rf2 85. Rc1 g2 86. c8=Q Rc2+ 87. Rxc2 g1=Q 88.
Qe6+ Kd3 89. Qc4+ Ke3 90. Qc5+ Kd3 91. Qxg1 Kxc2 92. Qe3 1-0

[Event "*** Titled Tuesday Blitz"]
[Site "Chess.com"]
[Date "2018.07.03"]
[Round "1"]
[White "Kurai"]
[Black "Dr_Mortimer"]
[Result "0-1"]
[WhiteElo "2427"]
[BlackElo "2820"]
[TimeControl "180+2"]
[EndTime "13:11:39 PDT"]
[Termination "Dr_Mortimer won by resignation"]

1. e4 c5 2. Nf3 e6 3. d4 cxd4 4. Nxd4 Nc6 5. Nb5 d6 6. c4 Nf6 7. N1c3 a6 8. Na3 Be7 9. Be2 O-O 10.
O-O b6 11. Be3 Bb7 12. Rc1 Ne5 13. f4 Ned7 14. Bf3 Qc7 15. Nab1 Rac8 16. Nd2 Qb8 17. Qe2 Rfe8 18. g4 Nc5 19. g5 Nfxe4 20. Ndxe4 d5 21. Nxc5 Bxc5 22. Bxc5 Rxc5 23. cxd5 Qxf4 24. Qg2 exd5 25. Rce1 Rxe1 26. Rxe1 g6 27. Qg3 Qd4+ 28. Qf2 Qf4 29. Qe3 Qh4 30. Qe8+ Kg7 31. Qe5+ Kg8 32. Qb8+ Kg7 33.
Re8 Qxg5+ 34. Kf1 Qf5 35. Rg8+ Kh6 36. Qf8+ Kg5 37. Qe7+ Qf6 38. Qe3+ Qf4 39. Qe7+ f6 40. Kg2 d4 41. Ne4+ Bxe4 42. Qxe4 Qxe4 43. Bxe4 f5 44. Bd3 Rc1 45. Rb8 Rd1 46. Bxa6 Rd2+ 47. Kg3 Rxb2 48. h4+ Kf6 49. Bc4 Ke5 50. Rd8 Rc2 51. Bb3 Rc3+ 52. Kf2 Rh3 53. Re8+ Kf4 54. Rd8 Rh2+ 55. Kg1 Rxh4 56. Rxd4+ Kg5 57. Rd6 Rb4 58. Kg2 Kf4 59. Rd3 h5 60. Rd6 g5 61. Kf2 g4 62. Rh6 Kg5 63. Rh8 h4 64. Be6 Re4 65. Bc8 Kf4 66. Rf8 Re5 67. Ba6 h3 68. Rg8 Rc5 69.
Bd3 Rd5 70. Be2 Rd2 71. Ke1 Rxa2 72. Rb8 Rb2 73. Rd8 h2 74. Rh8 g3 75. Kf1 Rxe2 76. Kxe2 g2 77. Rxh2 g1=Q 78. Rf2+ Qxf2+ 79. Kxf2 Ke4 80.
Ke2 f4 0-1

[Event "*** Titled Tuesday Blitz"]
[Site "Chess.com"]
[Date "2018.07.03"]
[Round "1"]
[White "jeetjain"]
[Black "Shant_Sargsyan"]
[Result "0-1"]
[WhiteElo "2438"]
[BlackElo "2902"]
[TimeControl "180+2"]
[EndTime "13:11:55 PDT"]
[Termination "Shant_Sargsyan won by resignation"]

1. e4 e5 2. Nf3 Nc6 3. Bc4 Bc5 4. c3 Nf6 5. d3 d6 6. b4 Bb6 7. a4 a5 8. b5 Ne7 9. O-O O-O 10. Be3 Bxe3 11. fxe3 Ng6 12. Nbd2 c6 13. bxc6 bxc6 14. Ba2 d5 15. exd5 cxd5 16. d4 exd4 17. exd4 Qd6 18. Re1 Bf5 19. Ne5 Rac8 20. Qf3 Be6 21.
Rad1 Qc7 22. c4 Nxe5 23. dxe5 Qc5+ 24. Qe3 Qxe3+ 25. Rxe3 Ng4 26. Rg3 dxc4 27. Nf3 Ne3 28. Rc1 Nf5 29. Rg4 c3 30. Bxe6 fxe6 31. Re4 Rfd8 32.
Re2 Nd4 33. Nxd4 Rxd4 34. Rec2 Rdc4 35. h3 Kf7 36. Rf1+ Ke7 37. Rb1 R8c7 38. Rbc1 R7c5 39. Kf2 Rxe5 40. Rxc3 Rxa4 41. Rc7+ Kf6 42. R1c2 Rf5+ 43. Kg1 h5 44. Rb2 h4 45. Kh2 Ra1 46. Rbb7 g6 47.
Rf7+ Kg5 48. Rxf5+ exf5 49. Ra7 a4 50. Ra5 a3 51.
Ra4 Kh5 52. Ra5 Kg5 53. Ra4 Ra2 54. Ra5 Kf6 55. Ra6+ Kg5 56. Ra5 Kh5 57. Kg1 Ra1+ 58. Kh2 a2 59. Ra3 g5 60. Ra6 g4 61. hxg4+ Kxg4 62. Ra4+ f4 63. Ra3 Kf5 64. Ra5+ Ke4 65. Ra4+ Kd3 66. Ra3+ Kc2 67. Ra8 h3 68. gxh3 f3 69.
Rc8+ Kd3 70. Rd8+ Ke4 71. Re8+ Kd5 72. Rd8+ Ke6 73. Rd2 Ke5 74. h4 Kf4 75. Rd4+ Ke3 76. Ra4 f2 77. Ra3+ Kd4 78. Ra4+ Kc5 79. h5 Rh1+ 80.
Kxh1 f1=Q+ 81. Kh2 a1=Q 82. Rxa1 Qxa1 83. Kg3 Qh8 84.
Kg4 Kd6 85. Kg5 Ke7 0-1

[Event "*** Titled Tuesday Blitz"]
[Site "Chess.com"]
[Date "2018.07.03"]
[Round "1"]
[White "OparinGrigoriy"]
[Black "abubakrtagelsir"]
[Result "0-1"]
[WhiteElo "2888"]
[BlackElo "2456"]
[TimeControl "180+2"]
[EndTime "13:12:07 PDT"]
[Termination "abubakrtagelsir won by resignation"]

1. Nf3 Nf6 2. g3 g6 3. Bg2 Bg7 4. c4 d6 5. Nc3 O-O 6. O-O c6 7. e4 Qa5 8. h3 a6 9. d3 e5 10. Rb1 b5 11. b4 Qc7 12. a4 Be6 13. Qe2 Qb7 14. Bg5 Nbd7 15. Rfc1 Rfc8 16. Be3 Nf8 17.
Ng5 Bd7 18. c5 h6 19. Nf3 dxc5 20. Bxc5 Ne6 21. Nxe5 Nxc5 22. bxc5 Be6 23. d4 Qe7 24. Qe3 Nd7 25. Nd3 Rab8 26. e5 Nf8 27. Ne4 Qd7 28. Nd6 Rc7 29. Kh2 g5 30. f4 gxf4 31. Nxf4 Ng6 32.
Nh5 Qe7 33. Rf1 Qg5 34. Qxg5 hxg5 35. Nf6+ Bxf6 36. Rxf6 g4 37. h4 Ne7 38. Rf4 b4 39. a5 b3 40. Rf2 Rb4 41. Rd2 Ra4 42. Rd3 Rxa5 43. Rdxb3 Bxb3 44. Rxb3 Ra2 45. Rb8+ Kh7 46. Kg1 Ra1+ 47. Kh2 Ra2 48. Rb1 Nd5 49. Kg1 Nc3 50.
Rf1 Ne2+ 51. Kh2 Nxd4 52. Kh1 Ne2 53. Kh2 Nd4 54. Kh1 Nf3 55. Bxf3 gxf3 56. Rxf3 Kg8 57. h5 Re2 58. Rf5 Re7 59. h6 R2xe5 60. Rf6 R5e6 61. h7+ Kxh7 62. Rf4 Re2 63. Kg1 Ra2 64. Kf1 Kg6 65. Rg4+ Kf6 66. Rf4+ Ke6 67. Re4+ Kd7 68. Rd4 Ree2 69.
Nxf7+ Ke7 70. Ng5 Reb2 71. Rd1 Rh2 72. Nf3 Rh1+ 73. Ng1 Rhh2 74. g4 Raf2+ 75. Ke1 Rfg2 76. Kf1 Rxg4 77. Re1+ Kd7 78. Re3 Rh1 79. Kf2 Rgxg1 80. Re5 0-1

[Event "*** Titled Tuesday Blitz"]
[Site "Chess.com"]
[Date "2018.07.03"]
[Round "1"]
[White "SantoBlue"]
[Black "catalin009"]
[Result "0-1"]
[WhiteElo "2733"]
[BlackElo "2422"]
[TimeControl "180+2"]
[EndTime "13:12:19 PDT"]
[Termination "catalin009 won by resignation"]

1. Nf3 Nf6 2. g3 d5 3. Bg2 e6 4.
O-O Be7 5. c4 O-O 6. b3 b6 7. Bb2 Bb7 8. d3 c5 9. cxd5 Nxd5 10.
Nbd2 Bf6 11. Qc1 Nc6 12. Ne4 Bxb2 13. Qxb2 Qe7 14. a3 a5 15. Nc3 Rfe8 16. Rfe1 Qf6 17.
Rac1 Nd4 18. Nxd4 Qxd4 19. e3 Qxd3 20. Red1 Qg6 21. Nxd5 exd5 22. Bxd5 Bxd5 23. Rxd5 Rad8 24. Rcd1 Rxd5 25. Rxd5 Qe4 26. Qd2 Qb1+ 27. Qd1 Qxd1+ 28. Rxd1 Rb8 29. Kf1 Kf8 30. Ke2 a4 31. bxa4 Ra8 32.
Rd6 Rxa4 33. Rxb6 Rxa3 34. h4 g6 35. Rb7 Kg7 36. g4 h6 37. Rc7 Ra2+ 38. Kf3 Rc2 39. g5 hxg5 40. hxg5 Rc4 41. Kg3 Rc2 42. f4 c4 43. e4 c3 44. e5 Kg8 45. Kf3 Rc1 46. Rc4 c2 47. Kg2 Kf8 48. Rc5 Ke7 49. Rc6 Kd7 50.
Rc5 Ke6 51. Kh2 Kf5 52. Rc4 Kg4 53. Kg2 Kf5 54. Kh2 Ke6 55. Rc5 Kf5 56. Rc4 Kg4 57. Kg2 Kf5 58. Kh2 Rf1 59. Rxc2 Rxf4 60. Kg3 Rg4+ 61. Kf3 Rxg5 62. Rc7 Kxe5 63. Ke3 Rf5 64.
Re7+ Kf6 65. Ra7 g5 66. Ra8 Kg7 67. Ra4 Kg6 68. Ra6+ f6 69. Ra8 Rf4 70. Rh8 Kf5 71. Rb8 Ra4 72. Rb5+ Kg4 73. Rb1 Ra3+ 74. Kf2 Ra2+ 75. Ke3 Rg2 76. Rb4+ Kh5 77. Kf3 Ra2 78. Rb8 Ra3+ 79. Kg2 f5 80. Rb4 f4 81. Rb2 Kg4 82.
Rc2 Rg3+ 83. Kf2 Rh3 84. Rc5 Rh2+ 85. Kg1 Rb2 86. Rc3 Kh4 87. Ra3 g4 88. Rc3 f3 89.
Rc1 Kg3 90. Rd1 Rg2+ 91. Kh1 Rh2+ 0-1

[Event "*** Titled Tuesday Blitz"]
[Site "Chess.com"]
[Date "2018.07.03"]
[Round "1"]
[White "MatthewG-p4p"]
[Black "ChainsOfFantasia"]
[Result "1-0"]
[WhiteElo "2693"]
[BlackElo "2373"]
[TimeControl "180+2"]
[EndTime "13:13:27 PDT"]
[Termination "MatthewG-p4p won by checkmate"]

1. e4 e5 2. Nf3 Nf6 3. Nxe5 d6 4. Nf3 Nxe4 5. d4 d5 6. Bd3 Bd6 7. O-O O-O 8. c4 c6 9. Nc3 Nxc3 10. bxc3 dxc4 11.
Bxc4 Bg4 12. h3 Bh5 13. Re1 Nd7 14. Rb1 Nb6 15. Bd3 Bg6 16. Bg5 Qc7 17. Qc2 Rfe8 18. c4 Bxd3 19. Qxd3 c5 20. d5 Bf4 21. Bxf4 Qxf4 22.
d6 Rxe1+ 23. Rxe1 Qxc4 24. Qe3 h6 25. Qe7 Qd5 26. Ne5 c4 27. d7 f6 28. Qe8+ Kh7 29. Qg6+ Kg8 30. Ng4 Nxd7 31. Nxh6+ Kf8 32. Nf5 Qf7 33. Qh7 Ne5 34. f4 Ng6 35. Re3 Rc8 36.
Nd6 Qd5 37. Nxc8 Qd4 38. Qxg6 Qxe3+ 39. Kh1 Qc1+ 40. Kh2 Qxf4+ 41. Kg1 Qd4+ 42. Kf1 Qd1+ 43. Kf2 Qd2+ 44. Kf3 Qd1+ 45. Ke3 Qe1+ 46. Kd4 Qe5+ 47.
Kxc4 Qc7+ 48. Kb4 Qxc8 49. Qh5 Qe6 50. Ka3 Ke7 51. Qh8 Kf7 52. Qb8 Qe7+ 53. Kb3 a6 54. a4 Qe6+ 55. Ka3 Qd5 56. Qc7+ Kg6 57. Qg3+ Kf7 58. Qc7+ Kf8 59. Qb8+ Ke7 60. Qc7+ Kf8 61. Qb8+ Kf7 62. Qc7+ Kg6 63. Qg3+ Kh6 64. Qh4+ Qh5 65.
Qf4+ Qg5 66. Qf3 Qc5+ 67. Kb3 b5 68. Qf4+ Kh7 69. Qe4+ Kh6 70. Qh4+ Qh5 71. Qf4+ Qg5 72. Qf3 bxa4+ 73. Kxa4 Qb5+ 74. Ka3 a5 75. Qf4+ Qg5 76. Qf3 Qc5+ 77. Kb3 Qb5+ 78. Ka2 Kg6 79. Qg4+ Kf7 80. Ka3 g5 81. Qh5+ Ke6 82. Qe2+ Qe5 83. Qc4+ Qd5 84.
Qc8+ Ke5 85. Qe8+ Kd4 86. Ka4 Qxg2 87. Qd8+ Ke3 88. Qxf6 Qa2+ 89. Kb5 Qd5+ 90. Ka6 Ke4 91. Qg6+ Kd4 92. Qf6+ Qe5 93. Qf2+ Ke4 94. Qg2+ Kf5 95. Qg4+ Kf6 96. Qf3+ Ke6 97. Qb3+ Qd5 98. Qe3+ Kd6 99. Qg3+ Kc6 100. Qc3+ Qc5 101. Qf3+ Kd6 102. Qd3+ Ke6 103. Qg6+ Kd7 104. Qh7+ Kc6 105. Qe4+ Qd5 106. Qc2+ Kd7 107. Qh7+ Kd6 108. Qg6+ Ke7 109. Qg7+ Ke8 110. Qh8+ Kd7 111. Qg7+ Kc8 112. Kb6 a4 113. Qc7# 1-0